 Dungeon Crawl Stone Soup version 0.32-a0-42-ga30500b4d3 (webtiles) character file.

Game seed: 717945779955025545

100 grandjackal the Slasher (level 4, -1/35 HPs)
             Began as a Demonspawn Gladiator on Jan 29, 2024.
             Slain by an ogre
             ... wielding a +0 giant club
              (33 damage)
             ... on level 5 of the Dungeon.
             The game lasted 00:02:36 (2942 turns).

grandjackal the Slasher (Demonspawn Gladiator)      Turns: 2942, Time: 00:02:36

Health: -1/35      AC:  5    Str: 15    XL:     4   Next: 46%
Magic:  4/4        EV: 11    Int:  8    God:
Gold:   112        SH:  0    Dex: 16    Spells: 3/3 levels left

rFire   . . .        a - +0 long sword
rCold   . . .        (no shield)
rNeg    . . .        q - +0 ring mail
rPois   .            (helmet restricted)
rElec   .            f - scarf {+Inv}
rCorr   .            (no gloves)
SInv    .            (no boots)
Will    .....        (no amulet)
Stlth   +            (no ring)
HPRegen 0.25/turn    (no ring)
MPRegen 0.09/turn

%: no passive effects
@: no status effects
A: horns 1, powered by death 1
a: Evoke Invisibility


You were on level 5 of the Dungeon.
You visited 1 branch of the dungeon, and saw 5 of its levels.

You collected 112 gold pieces.

Inventory:

Hand Weapons
 a - a +0 long sword (weapon)
Missiles
 d - 4 throwing nets (quivered)
 e - a javelin
 m - 4 poisoned darts
Armour
 f - a scarf of invisibility (worn)
 q - a +0 ring mail (worn)
Jewellery
 i - an amulet of reflection
Wands
 l - a wand of polymorph (7)
Scrolls
 b - 2 scrolls of poison {unknown}
 c - a scroll of enchant armour {unknown}
 h - 3 scrolls of vulnerability {unknown}
 j - 2 scrolls of teleportation {unknown}
 k - a scroll of summoning {unknown}
 r - a scroll of fear {unknown}
 s - 4 scrolls of identify {unknown}
Potions
 g - 2 potions of heal wounds {unknown}
 n - a potion of curing {unknown}
 o - a potion of lignification {unknown}
 p - a potion of enlightenment {unknown}
 t - a potion of attraction {unknown}
 u - a potion of might {unknown}
 v - a potion of invisibility {unknown}
 w - a potion of cancellation {unknown}


   Skills:
 + Level 3.2 Fighting
 + Level 3.5 Long Blades
 - Level 1.7 Throwing
 - Level 2.6 Dodging
 + Level 2.1 Evocations


You had 3 spell levels left.
You didn't know any spells.
Your spell library was empty.

Dungeon Overview and Level Annotations

Branches:
Dungeon (5/15)
 Temple: D:4-7

Altars:
Cheibriados
Makhleb
Sif Muna
Uskayaw
Wu Jian

Shops:
D:1 *


Innate Abilities, Weirdness & Mutations

You have a pair of small horns on your head.
You regenerate a little health from kills.


Message History

Found a snail-covered altar of Cheibriados.
Found a flail.
You enter a teleport trap!
The teleport trap disappears.
Your surroundings suddenly seem different.
There is an open door here.
There is an open door here.
You open the door.
There is an open door here.
A gnoll comes into view. It is wielding a +0 spear.
The gnoll shouts!
A gnoll comes into view. It is wielding a +0 spear.
The gnoll moves out of view.
A gnoll is nearby!
A gnoll comes into view. It is wielding a +0 club.
A quokka comes into view.
The gnoll shouts!
Found a stone staircase leading down.
The gnoll hits you but does no damage. The gnoll attacks as it pursues you!
The gnoll hits you from afar with a +0 spear.
The gnoll attacks as it pursues you!
The gnoll hits you from afar with a +0 spear.
There is a stone staircase leading down here.
The gnoll hits you but does no damage. The gnoll hits you but does no damage.
The quokka bites you but does no damage.
You climb downwards.
The ogre shouts!
There is a stone staircase leading up here.
You closely miss the quokka.
The quokka bites you but does no damage.
You barely miss the quokka. Your headbutt misses the quokka.
The quokka completely misses you. The quokka bites you.
You slash the quokka!
You kill the quokka!
You slash the ogre! You headbutt the ogre.
The ogre is heavily wounded.
The ogre hits you with a +0 giant club!!
Ouch! That really hurt!
You die...

########
##+#####......#
#.............#
#.............#
#.............#
#....O@<.....#
#######......#
#......#
.......#
.#####... #. #.
#. #.


You could see an ogre.

Vanquished Creatures
  4 adders
  A dart slug (D:3)
  3 orcs (D:3)
  5 ball pythons
  A bat (D:2)
  7 endoplasms
  5 giant cockroaches
  9 goblins
  7 hobgoblins
  3 quokkas
  2 frilled lizards
  2 kobolds (D:4)
  4 rats
53 creatures vanquished.

Notes
Turn   | Place    | Note
-------+----------+-------------------------------------------
     0 | D:1      | grandjackal the Demonspawn Gladiator began the quest for
                  | the Orb.
     0 | D:1      | Reached XP level 1. HP: 16/16 MP: 1/1
    22 | D:1      | Found a faded altar of an unknown god.
   147 | D:1      | Found Miaf's General Store.
   153 | D:1      | Gained mutation: You have a pair of small horns on your
                  | head. [demonic ancestry]
   153 | D:1      | Reached XP level 2. HP: 22/22 MP: 2/2
   321 | D:1      | Reached skill level 1 in Evocations
   837 | D:2      | Gained mutation: You regenerate a little health from kills.
                  | [demonic ancestry]
   837 | D:2      | Reached XP level 3. HP: 23/28 MP: 3/3
  1729 | D:3      | Reached XP level 4. HP: 35/35 MP: 4/4
  1777 | D:3      | Found a hide-covered altar of Uskayaw.
  1931 | D:3      | Found a shimmering blue altar of Sif Muna.
  2225 | D:3      | Found an ornate altar of the Wu Jian Council.
  2589 | D:4      | Noticed Eustachio
  2595 | D:4      | Eustachio changed into Eustachio the kobold
  2595 | D:4      | Noticed Eustachio
  2598 | D:4      | Killed Eustachio the kobold
  2640 | D:4      | Found a burning altar of Makhleb.
  2846 | D:4      | Found a snail-covered altar of Cheibriados.
  2937 | D:5      | Entered Level 5 of the Dungeon
  2937 | D:5      | Noticed an ogre
  2942 | D:5      | Slain by an ogre

Illustrated notes

Levels and vault maps discovered:
D:1:      dpeg_arrival_connections, layout_loops_ring, serial_shops,
          shop_statue, hellmonk_ecumenical_altar_heavens_door
D:2:      layout_loops_corners
D:3:      layout_loops_ring, mainiacjoe_overflow_brackets,
          nicolae_uskayaw_murder_on_the_dancefloor,
          nicolae_wu_jian_glorious_leap
D:4:      layout_gridville, lemuel_tele_altar, bloody_makhleb, serial_bayou,
          serial_bayou_shore_a, serial_bayou_ford_a, serial_bayou_pond_d,
          serial_bayou_shore_b, dreamdust_princess_corridor, uniq_eustachio
D:5:      layout_basic, nicolae_gozag_conspicuous_consumption,
          minmay_temple_entry_wispy, uniq_sigmund, uniq_edmund

Skill      XL: |  1  2  3  4 |
---------------+-------------+-----
Evocations     | 1 2 |  2.1
Long Blades    | 3 |  3.5
Fighting       | 3 |  3.2
Throwing       | |  1.7
Dodging        | |  2.6

Action                     |  1- 3 |  4- 6 || total
---------------------------+-------+-------++-------
  Melee: Long sword        |    86 |    53 ||   139
         Headbutt          |     8 |     6 ||    14
         Punch             |     1 |     1 ||     2
  Evoke: Wand              |       |     3 ||     3
 Armour: Leather armour    |    38 |       ||    38
         Ring mail         |     8 |    39 ||    47
  Dodge: Dodged            |    45 |    31 ||    76

Table legend: (Time is in decaauts)
 A = Elapsed time spent in this place.
 B = Non-inter-level travel time spent in this place.
 C = Inter-level travel time spent in this place.
 D = Time resting spent in this place.
 E = Time spent auto-exploring this place.
 F = Levels seen in this place.
 G = Mean time per level.
                   A        B        C        D        E       F      G
               +--------+--------+--------+--------+--------+-----+--------+
         Total |   2974 |   2920 |     54 |     62 |   2423 |   5 |  594.8 |
       Dungeon |   2974 |   2920 |     54 |     62 |   2423 |   5 |  594.8 |
               +--------+--------+--------+--------+--------+-----+--------+

Top non-repeatable levels by time:
     D:2: 940 daAuts
     D:1: 801 daAuts
     D:3: 636 daAuts
     D:4: 590 daAuts
     D:5: 5 daAuts
